 Dungeon Crawl Stone Soup version 0.28.0-53-g5a82cb258f (webtiles) character file.

Game seed: 1411698105630269440

763 unlimited1921 the Firebug (level 7, -4/43 HPs)
             Began as an Octopode Fire Elementalist on July 3, 2022.
             Slain by Crazy Yiuf
             ... wielding a +2 quarterstaff of chaos
              (7 damage)
             ... on level 4 of the Dungeon.
             The game lasted 00:19:16 (8228 turns).

unlimited1921 the Firebug (OpFE)                    Turns: 8228, Time: 00:19:17

Health: -4/43      AC:  1    Str:  7    XL:     7   Next: 81%
Magic:  11/13      EV: 14    Int: 17    God:
Gold:   214        SH:  0    Dex: 15    Spells: 9/15 levels left

rFire   . . .      SeeInvis .   c - +4 dagger
rCold   . . .      Faith    .   (no shield)
rNeg    . . .      Spirit   .   (helmet restricted)
rPois   .          Reflect  .   (no amulet)
rElec   .          Harm     .   (no ring)
rCorr   .          Rampage  .   (no ring)
Will    .....                   (no ring)
Stlth   ++++......              (no ring)
HPRegen 0.14/turn               (no ring)
MPRegen 0.13/turn               (no ring)
                                (no ring)
                                (no ring)

@: hasted, very quick
A: almost no armour, amphibious, 8 rings, camouflage 1, gelatinous body 1,
(nimble swimmer 1), tentacles
a: no special abilities


You were on level 4 of the Dungeon.
You visited 1 branch of the dungeon, and saw 4 of its levels.

You collected 214 gold pieces.

Inventory:

Hand Weapons
 b - a +0 falchion
 c - a +4 dagger (weapon)
 t - a +0 long sword
Missiles
 a - 62 bolts
 d - 81 stones
 e - 5 silver boomerangs
 g - 7 atropa-tipped darts (quivered)
 n - 6 javelins
 p - 6 boomerangs
 r - 6 poisoned darts
 v - 19 sling bullets
Jewellery
 o - an amulet of faith
Scrolls
 f - 2 scrolls of teleportation {unknown}
 h - 7 scrolls of identify {unknown}
 l - a scroll of silence {unknown}
 m - a scroll of noise {unknown}
 q - a scroll of enchant weapon {unknown}
 u - a scroll of blinking {unknown}
 w - a scroll of fog {unknown}
 x - a scroll of fear {unknown}
Potions
 i - 3 potions of brilliance {unknown}
 j - 2 potions of curing
 k - a potion of ambrosia {unknown}
 s - a potion of magic {unknown}
 z - a potion of might {unknown}


   Skills:
 + Level 1.3 Fighting
 - Level 0.4 Short Blades
 + Level 0.3 Throwing
 * Level 3.8 Dodging
 + Level 4.9 Stealth
 + Level 4.5 Spellcasting
 + Level 1.4 Conjurations
 + Level 0.8 Hexes
 + Level 5.4 Fire Magic


You had 9 spell levels left.
You knew the following spells:

 Your Spells              Type           Power      Damage    Failure   Level
a - Foxfire               Conj/Fire      60%        2x1d7     3%          1
b - Scorch                Fire           44%        2d7       2%          2
c - Inner Flame           Hex/Fire       14%        N/A       12%         3

Your spell library contained the following spells:

 Spells                   Type           Power      Damage    Failure   Level
 Conjure Flame            Conj/Fire      15%        6-21      11%         3
 Animate Skeleton         Necr           6%         N/A       16%         1
 Apportation              Tloc           6%         N/A       16%         1
 Pain                     Necr           12%        1d4       16%         1
 Summon Small Mammal      Summ           12%        N/A       16%         1
 Flame Wave               Conj/Fire      15%        2d6       34%         4
 Vampiric Draining        Necr           3%         2d6       41%         3


Dungeon Overview and Level Annotations

Branches:
Dungeon (4/15)
 Temple: D:4-7

Altars:
Hepliaklqana
Ru

Annotations:
D:4 Crazy Yiuf


Innate Abilities, Weirdness & Mutations

You cannot wear most types of armour.
You are amphibious.
You can wear up to eight rings at the same time.
Your skin changes colour to match your surroundings (Stealth+).
Your rubbery body absorbs attacks. (AC +1, EV +1)
((You are camouflaged when in or above water. (Stealth+)))
You have tentacles for arms and can constrict up to eight enemies at once.


Message History

You puncture the giant cockroach!
You kill the giant cockroach!
No target in view!
There is an open door here.
There is an open door here.
Things that are here:
a +0 club; a +0 dagger
Things that are here:
a +0 rapier; a +0 leather armour; a +0 halberd You see here a +0 club.
Could not explore, unopened runed door.
No reachable target in view!
No reachable target in view!
You open the door. You barely miss Crazy Yiuf. You grab Crazy Yiuf.
You constrict Crazy Yiuf, but do no damage.
You hit Crazy Yiuf but do no damage.
You squeeze Crazy Yiuf, but do no damage.
You constrict Crazy Yiuf, but do no damage.
Crazy Yiuf hits you with a +2 quarterstaff of chaos!
Crazy Yiuf freezes you.
You hit Crazy Yiuf but do no damage.
You squeeze Crazy Yiuf, but do no damage.
You constrict Crazy Yiuf.
Crazy Yiuf hits you with a +2 quarterstaff of chaos!
You feel yourself speed up.
You are too injured to fight recklessly!
You are too injured to fight recklessly!
You are too injured to fight recklessly!
You are too injured to fight recklessly!
Casting: Foxfire (safe; 3% risk of failure)
Confirm with . or Enter, or press ? or * to list all spells.
Flames lash Crazy Yiuf.
Crazy Yiuf is moderately wounded.
Crazy Yiuf's fire resistance burns away.
You constrict Crazy Yiuf.
Crazy Yiuf hits you with a +2 quarterstaff of chaos!
* * * LOW HITPOINT WARNING * * *
Crazy Yiuf burns you!
You die...

.#.........####..####
#.....# ##...###...#
#....# #.....#
#######...# ♣....♣
#..#### #.........#
♣...♣♣ #'#####
#.........# ♣♣.♣♣
####......
##..##..### ♣.♣♣
#......... ########
♣♣.♣ #..≈≈≈≈≈≈≈ ♣.♣♣
#.≈≈≈≈≈≈.. ♣♣@♣
##.≈≈_....8 #g#
#..≈≈≈≈≈≈.. ...
##...≈≈≈≈≈≈≈ #...#
#........... #..)#
#........... #####
#..##......#
#..####'####
#...'.....#
#...#.....##


You could see Crazy Yiuf (combustible).

Vanquished Creatures
  Sigmund (D:4)
  Eustachio (D:4)
  A black bear (D:4)
  A scorpion (D:4)
  A jelly (D:3)
  An iguana (D:4)
  2 hound skeletons (D:4)
  A howler monkey zombie (D:3)
  8 gnolls
  A howler monkey skeleton (D:4)
  4 adders
  An adder skeleton (D:4)
  A worm (D:3)
  A dart slug (D:3)
  10 orcs
  3 ball pythons
  10 bats
  7 endoplasms
  3 giant cockroaches
  2 goblins (D:1)
  8 hobgoblins
  2 jackals (D:4)
  4 quokkas (D:1)
  4 frilled lizards
  7 kobolds
  3 rats
88 creatures vanquished.

Vanquished Creatures (others)
  58 foxfires
58 creatures vanquished.

Grand Total: 146 creatures vanquished

Notes
Turn   | Place    | Note
-------+----------+-------------------------------------------
     0 | D:1      | unlimited1921 the Octopode Fire Elementalist began the
                  | quest for the Orb.
     0 | D:1      | Reached XP level 1. HP: 11/11 MP: 3/3
   134 | D:1      | Reached XP level 2. HP: 15/17 MP: 5/5
  1525 | D:1      | Reached XP level 3. HP: 21/21 MP: 2/6
  2559 | D:2      | Learned a level 2 spell: Scorch
  2768 | D:2      | Reached XP level 4. HP: 27/27 MP: 7/7
  4065 | D:3      | Reached skill level 4 in Fire Magic
  4065 | D:3      | Reached XP level 5. HP: 4/31 MP: 0/8
  5185 | D:4      | Found a hazy altar of Hepliaklqana.
  5951 | D:4      | Reached XP level 6. HP: 37/37 MP: 5/11
  6017 | D:4      | Found a runed translucent door.
  6018 | D:4      | Noticed Crazy Yiuf
  6280 | D:4      | Noticed Sigmund
  6549 | D:3      | Learned a level 3 spell: Inner Flame
  6693 | D:4      | Killed Sigmund
  6694 | D:4      | Reached skill level 1 in Fighting
  6784 | D:4      | Noticed Eustachio
  6842 | D:4      | Reached XP level 7. HP: 43/43 MP: 1/13
  7049 | D:4      | Killed Eustachio
  7050 | D:4      | Reached skill level 5 in Fire Magic
  7656 | D:4      | Identified the +1 robe of the Kangaroo {Int+4}
  7723 | D:4      | Found a sacrificial altar of Ru.
  8228 | D:4      | Slain by Crazy Yiuf

Illustrated notes

Levels and vault maps discovered:
D:1:      sevenhm_arrival_forest_fort_large_3, layout_basic,
          roderic_roman_lattice, st_stairs_7
D:2:      layout_basic
D:3:      layout_loops_ring, minmay_between
D:4:      layout_gridville, mainiacjoe_overflow_catwalk,
          nzn_hepliaklqana_mist_gate, uniq_crazy_yiuf_cottage, uniq_sigmund,
          uniq_eustachio

Skill      XL: |  1  2  3  4  5  6  7 |
---------------+----------------------+-----
Stealth        | 3 4 |  4.9
Fire Magic     | 4 5 |  5.4
Spellcasting   | 3 4 |  4.5
Dodging        | 3 |  3.8
Fighting       | 1 |  1.3
Short Blades   | |  0.4
Throwing       | |  0.3
Conjurations   | |  1.4
Hexes          | |  0.8

Action                   |  1- 3 |  4- 6 |  7- 9 || total
-------------------------+-------+-------+-------++-------
Melee: Dagger            |    42 |    53 |    18 ||   113
       Constrict         |    10 |    13 |     4 ||    27
       Tentacles         |     6 |     8 |     6 ||    20
       Falchion          |     1 |       |       ||     1
       Punch             |     2 |       |     1 ||     3
Throw: Dart              |       |     7 |       ||     7
 Cast: Foxfire           |    13 |    16 |     4 ||    33
       Scorch            |       |    26 |     9 ||    35
       Inner Flame       |       |     2 |     1 ||     3
  Use: Potion            |       |     1 |       ||     1
 Stab: Sleeping          |    13 |    11 |     2 ||    26
Armor: Skin              |     5 |     9 |     1 ||    15
Dodge: Dodged            |    24 |    47 |    16 ||    87
